 Dungeon Crawl Stone Soup version 0.27-a0-512-g57cc695410 (webtiles) character file.

Game seed: 15193428169136159109

106 siradein the Skirmisher (level 4, 0/50 HPs)
             Began as an Ogre Berserker on Mar 3, 2021.
             Was a Believer of Trog.
             Slain by a jackal (1 damage)
             ... on level 3 of the Dungeon.
             The game lasted 00:04:15 (2428 turns).

siradein the Skirmisher (Ogre Berserker)            Turns: 2428, Time: 00:04:16

Health: 0/50       AC:  3    Str: 21    XL:     4   Next: 84%
Magic:  4/4        EV: 10    Int:  8    God:    Trog [**....]
Gold:   85         SH:  0    Dex:  9    Spells: 3/3 levels left

rFire    . . .     SeeInvis .   a - +0 hand axe
rCold    . . .     Faith    .   (no shield)
rNeg     . . .     Spirit   .   b - +0 animal skin
rPois    .         Reflect  .   (helmet restricted)
rElec    .         Harm     .   (no cloak)
rCorr    .         Rampage  .   (gloves unavailable)
Will     ++...                  (boots unavailable)
Stlth    +.........             (no amulet)
HPRegen  1.16/turn              (no ring)
MPRegen  0.09/turn              (no ring)

@: regenerating
A: large, unfitting armour, tough skin 1
a: Renounce Religion, Berserk, Trog's Hand


You were on level 3 of the Dungeon.
You worshipped Trog.
Trog was pleased with you.
You visited 1 branch of the dungeon, and saw 3 of its levels.

You collected 85 gold pieces.

Inventory:

Hand Weapons
 a - a +0 hand axe (weapon)
 l - a +0 hand crossbow
Armour
 b - a +0 animal skin (worn)
Jewellery
 f - an amulet of faith
Scrolls
 c - a scroll of identify {unknown}
 d - 4 scrolls of teleportation {unknown}
 g - a scroll of enchant armour {unknown}
 h - a scroll of immolation {unknown}
Potions
 e - 2 potions of magic {unknown}
 i - 2 potions of haste {unknown}
 j - 2 potions of mutation {unknown}
 k - a potion of ambrosia {unknown}


   Skills:
 + Level 5.2 Fighting
 + Level 4.0 Axes
 + Level 3.5 Dodging


You had 3 spell levels left.
You didn't know any spells.
Your spell library was empty.

Dungeon Overview and Level Annotations

Branches:
Dungeon (3/15)

Altars:


Innate Abilities, Weirdness & Mutations

You are too large for most types of armour.
You have tough skin. (AC +1)


Message History

You hit the orc but do no damage.
You hit the jackal. x2; You hit the orc.
You closely miss the jackal.
An orc comes into view. It is wielding a +0 flail.
The jackal misses you. The jackal bites you. The jackal misses you.
The orc hits you but does no damage. x2
The orc priest hits you but does no damage.
You closely miss the orc priest.
The orc priest is lightly wounded.
You barely miss the orc. You barely miss the jackal. x2
You hit the orc but do no damage. You hit the jackal. The jackal bites you. x3
The orc hits you with a +0 mace. The jackal barely misses you.
The jackal bites you.
* * * LOW HITPOINT WARNING * * *
The orc completely misses you.
The orc priest hits you with a +0 dagger.
* * * LOW HITPOINT WARNING * * *
The jackal bites you.
* * * LOW HITPOINT WARNING * * *
Your skin crawls.
You feel strong-willed. The jackal bites you.
* * * LOW HITPOINT WARNING * * *
The jackal misses you. The jackal bites you.
* * * LOW HITPOINT WARNING * * *
The orc barely misses you.
The orc priest hits you with a +0 dagger.
* * * LOW HITPOINT WARNING * * *
The orc hits you with a +0 hand axe.
* * * LOW HITPOINT WARNING * * *
You hit the orc priest.
The orc priest is heavily wounded.
You hit the jackal but do no damage. You closely miss the orc.
You closely miss the jackal. You hit the jackal but do no damage.
You barely miss the orc. x2; The jackal barely misses you.
The jackal closely misses you. The jackal bites you.
* * * LOW HITPOINT WARNING * * *
The orc barely misses you. The orc priest misses you. The jackal bites you.
* * * LOW HITPOINT WARNING * * *
The jackal bites you.
You die...

.... #... #... # #... #.
##...## #.. #.# #.## ##
##...######.# #..####...
......oho.#.###†....#...
......o@.....†.#.##.....
......ohh.###....##.#...
##...###### #..#.##<# ..
#.. #....##.# # #.
#...###.# # #.... ..#
##....... ##.####. .


You could see an orc priest, 3 orcs and 3 jackals.

Vanquished Creatures
  6 adders (D:2)
  An ooze (D:2)
  2 worms (D:2)
  A leopard gecko (D:2)
  A ball python (D:2)
  5 giant cockroaches
  3 goblins
  2 hobgoblins (D:1)
  8 jackals
  4 bats
  7 frilled lizards
  3 kobolds (D:2)
  3 rats
46 creatures vanquished.

Vanquished Creatures (others)
  2 plants (D:2)
2 creatures vanquished.

Grand Total: 48 creatures vanquished

Notes
Turn   | Place    | Note
-------+----------+-------------------------------------------
     0 | D:1      | siradein the Ogre Berserker began the quest for the Orb.
     0 | D:1      | Reached XP level 1. HP: 24/24 MP: 1/1
   347 | D:1      | Reached XP level 2. HP: 29/32 MP: 2/2
   872 | D:2      | Reached XP level 3. HP: 40/40 MP: 3/3
  1304 | D:2      | Reached XP level 4. HP: 40/49 MP: 4/4
  1433 | D:2      | Reached skill level 5 in Fighting
  1725 | D:2      | Reached ** piety under Trog
  2428 | D:3      | HP: 1/50 [jackal (2)]
  2428 | D:3      | Slain by a jackal

Illustrated notes

Levels and vault maps discovered:
D:1:      scummos_arrival_simple_crosswalls, layout_loops_corners
D:2:      layout_basic, nrook_loot_triangle, amcnicky_mini_pool_small,
          minmay_lizard_king
D:3:      layout_loops_cross, lemuel_crystal_altar, nicolae_ru_path_of_blood,
          old_standard_altar, gammafunk_ghost_arena, uniq_sigmund

Skill      XL: |  1  2  3  4 |
---------------+-------------+-----
Dodging        | 3 |  3.5
Fighting       | 5 |  5.2
Axes           | 4 |  4.0

Action                   |  1- 3 |  4- 6 || total
-------------------------+-------+-------++-------
Melee: Hand axe          |    81 |    85 ||   166
Invok: Trog's Hand       |       |     1 ||     1
Armor: Animal skin       |    26 |    60 ||    86
Dodge: Dodged            |    45 |    93 ||   138

Table legend: (Time is in decaauts)
 A = Elapsed time spent in this place.
 B = Non-inter-level travel time spent in this place.
 C = Inter-level travel time spent in this place.
 D = Time resting spent in this place.
 E = Time spent auto-exploring this place.
 F = Levels seen in this place.
 G = Mean time per level.
                   A        B        C        D        E       F      G
               +--------+--------+--------+--------+--------+-----+--------+
         Total |   2447 |   2385 |     62 |      0 |   1925 |   3 |  815.7 |
       Dungeon |   2447 |   2385 |     62 |      0 |   1925 |   3 |  815.7 |
               +--------+--------+--------+--------+--------+-----+--------+

Top non-repeatable levels by time:
     D:2: 1569 daAuts
     D:1: 848 daAuts
     D:3: 29 daAuts
